 Dungeon Crawl Stone Soup version 0.31-a0-354-g827e0957a7 (webtiles) character file.

Game seed: 11690089811883146468

116 Grim the Shooter (level 4, -9/25 HPs)
             Began as a Deep Elf Hunter on July 24, 2023.
             Mangled by Menkaure (19 damage)
             ... on level 4 of the Dungeon.
             The game lasted 00:06:10 (3263 turns).

Grim the Shooter (Deep Elf Hunter)                  Turns: 3263, Time: 00:06:11

Health: -9/25      AC:  4    Str: 19    XL:     4   Next: 69%
Magic:  6/6        EV: 12    Int: 15    God:
Gold:   153        SH:  0    Dex: 18    Spells: 3/3 levels left

rFire   x . .        a - +2 sling "Hydra's Doom" {flame, Fly rF- Str+9 Int-2}
rCold   . . .        (no shield)
rNeg    . . .        c - +0 leather armour
rPois   +            (no helmet)
rElec   .            (no cloak)
rCorr   .            (no gloves)
SInv    +            j - +0 pair of boots of Odwan {rPois Int+3}
Will    .....        (no amulet)
Stlth   ++           f - ring of see invisible
HPRegen 0.24/turn    (no ring)
MPRegen 0.10/turn

%: no passive effects
@: flying
A: no striking features
a: no special abilities


You were on level 4 of the Dungeon.
You visited 1 branch of the dungeon, and saw 4 of its levels.

You collected 153 gold pieces.

Inventory:

Hand Weapons
 a - the +2 sling "Hydra's Doom" (weapon) {flame, Fly rF- Str+9 Int-2}
   (You found it on level 3 of the Dungeon)

   Str:       It affects your strength (+9).
   Int:       It affects your intelligence (-2).
   rF:        It makes you vulnerable to fire.
   Fly:       It grants you flight.
 b - a +2 short sword of freezing
 e - a +0 shortbow
Armour
 c - a +0 leather armour (worn)
 j - the +0 pair of boots of Odwan (worn) {rPois Int+3}
   (You found it on level 3 of the Dungeon)

   Int:       It affects your intelligence (+3).
   rPois:     It protects you from poison.
 t - a +0 cloak
Jewellery
 f - a ring of see invisible (left hand)
 u - an amulet of guardian spirit
Wands
 v - a wand of charming (7)
Scrolls
 d - a scroll of enchant armour {unknown}
 g - a scroll of amnesia {unknown}
 i - a scroll of fear {unknown}
 l - 2 scrolls of teleportation {unknown}
 m - a scroll of fog {unknown}
 n - a scroll of butterflies
 o - a scroll of blinking {unknown}
 p - a scroll of brand weapon {unknown}
Potions
 h - a potion of cancellation
 k - 4 potions of curing
 q - a potion of invisibility {unknown}
 r - a potion of mutation {unknown}
 s - 2 potions of ambrosia


   Skills:
 - Level 1.5 Fighting
 + Level 1.5 Short Blades
 + Level 7.7 Ranged Weapons
 - Level 2.4 Dodging
 - Level 1.2 Stealth


You had 3 spell levels left.
You didn't know any spells.
Your spell library contained the following spells:

 Spells                   Type           Power      Damage    Failure   Level
 Haunt                    Necr/Summ      0%         N/A       100%        7
 Borgnjor's Revivificati  Necr           0%         N/A       100%        8
 Death's Door             Necr           0%         N/A       100%        9


Dungeon Overview and Level Annotations

Branches:
Dungeon (4/15)
 Temple: D:4-7

Altars:
Uskayaw
Yredelemnul

Shops:
D:4 ?

Annotations:
D:4 Menkaure


Message History

The sling bullet burns the goblin.
You kill the goblin!
You now have 145 gold pieces (gained 3).
Things that are here:
a +0 club; a goblin corpse
Things that are here:
a +0 club; a goblin corpse
Found a flail.
Found a stone staircase leading down.
You now have 153 gold pieces (gained 8).
Menkaure, Prince of Dust comes into view.
Found 6 gold pieces.
You shoot a sling bullet. The sling bullet hits Menkaure.
The sling bullet burns Menkaure.
Menkaure shouts!
Menkaure is moderately damaged.
Menkaure calls on the powers of darkness!
Your body is wracked with pain!
* * * LOW HITPOINT WARNING * * *
You shoot a sling bullet. The sling bullet hits Menkaure.
The sling bullet burns Menkaure.
Menkaure is heavily damaged.
You shoot a sling bullet.
The sling bullet barely misses Menkaure.
Menkaure casts a spell at you. Pain shoots through your body!
* * * LOW HITPOINT WARNING * * *
You are too injured to fight recklessly!
Unknown command.
You are too injured to fight recklessly!
Fire: a) +2 sling "Hydra's Doom" {flame, Fly rF- Str+9 Int-2}
Press: ? - help, Q - select action, (/) - cycle Shift-Dir - straight line, f/p - Menkaure
Aim: Menkaure (heavily damaged, 77% to hit)
You shoot a sling bullet. The sling bullet hits Menkaure.
The sling bullet burns Menkaure.
Menkaure is severely damaged.
Menkaure giggles, "These cerements are ticklish..."
Menkaure hits you!!
Ouch! That really hurt!
You die...

#.# #.# #.......#
#.# #.# #.......#
#.# #.# ###...###
#.# #.# ###..#
#.####.# #######
##.## #......#
....... #..#
######.# .......
##.# # # ###
......M####.###....
.......@......>.#
.......########.#
$...... ###.##. #
#. .. .~ ..


You could see Menkaure.

Vanquished Creatures
  An orc wizard (D:3)
  2 adders
  3 dart slugs
  6 orcs
  5 endoplasms
  3 giant cockroaches
  4 goblins
  2 hobgoblins (D:3)
  7 quokkas
  10 ball pythons
  4 bats
  A frilled lizard (D:1)
  8 kobolds
  A rat (D:1)
57 creatures vanquished.

Notes
Turn   | Place    | Note
-------+----------+-------------------------------------------
     0 | D:1      | Grim the Deep Elf Hunter began the quest for the Orb.
     0 | D:1      | Reached XP level 1. HP: 12/12 MP: 3/3
   277 | D:1      | Reached XP level 2. HP: 16/16 MP: 4/4
   297 | D:1      | Reached skill level 6 in Ranged Weapons
  1111 | D:2      | Reached XP level 3. HP: 20/20 MP: 5/5
  1366 | D:2      | Reached skill level 7 in Ranged Weapons
  2003 | D:3      | Noticed an ogre
  2081 | D:3      | Identified the +2 sling "Hydra's Doom" {flame, Fly rF-
                  | Str+9 Int-2}
  2084 | D:3      | Identified the +0 pair of boots of Odwan {rPois Int+3}
  2429 | D:3      | Reached XP level 4. HP: 25/25 MP: 6/6
  2609 | D:3      | Reached skill level 1 in Short Blades
  2733 | D:3      | HP: 1/25 [ogre/+0 giant club (24)]
  2930 | D:4      | Found Uginesm's Magic Scroll Emporium.
  3006 | D:4      | Found a hide-covered altar of Uskayaw.
  3015 | D:4      | Found a basalt altar of Yredelemnul.
  3259 | D:4      | Noticed Menkaure
  3263 | D:4      | Mangled by Menkaure

Illustrated notes

Levels and vault maps discovered:
D:1:      mrwooster_arrival_statue_3, layout_basic
D:2:      layout_loops_corners
D:3:      layout_basic
D:4:      layout_basic, kiku_gazebo_pond_becter,
          mainiacjoe_overflow_large_starburst, serial_shops,
          nicolae_diamond_shop, uniq_menkaure

Skill      XL: |  1  2  3  4 |
---------------+-------------+-----
Ranged Weapons | 6 7 |  7.7
Short Blades   | 1 |  1.5
Fighting       | |  1.5
Dodging        | |  2.4
Stealth        | |  1.2

Action                     |  1- 3 |  4- 6 || total
---------------------------+-------+-------++-------
  Melee: Unarmed           |     1 |       ||     1
         Short sword       |    20 |     6 ||    26
         Punch             |     1 |       ||     1
   Fire: Shortbow          |   104 |       ||   104
         Sling             |    11 |    29 ||    40
    Use: Scroll            |     2 |     1 ||     3
 Armour: Leather armour    |    21 |     4 ||    25
  Dodge: Dodged            |    34 |     4 ||    38

Table legend: (Time is in decaauts)
 A = Elapsed time spent in this place.
 B = Non-inter-level travel time spent in this place.
 C = Inter-level travel time spent in this place.
 D = Time resting spent in this place.
 E = Time spent auto-exploring this place.
 F = Levels seen in this place.
 G = Mean time per level.
                   A        B        C        D        E       F      G
               +--------+--------+--------+--------+--------+-----+--------+
         Total |   3264 |   3137 |    127 |    443 |   2146 |   4 |  816.0 |
       Dungeon |   3264 |   3137 |    127 |    443 |   2146 |   4 |  816.0 |
               +--------+--------+--------+--------+--------+-----+--------+

Top non-repeatable levels by time:
     D:2: 1055 daAuts
     D:1: 986 daAuts
     D:3: 703 daAuts
     D:4: 518 daAuts
